 Dungeon Crawl Stone Soup version 0.31.0-12-g77e489cdc1 (webtiles) character file.

Game seed: 2730809832683066033

317 Doomgape the Covered (level 6, 0/56 HPs)
             Began as a Minotaur Fighter on Feb 18, 2024.
             Was an Initiate of Okawaru.
             Killed from afar by Ijyb (8 damage)
             ... with a bolt of acid
             ... on level 5 of the Dungeon.
             The game lasted 00:09:45 (3112 turns).

Doomgape the Covered (Minotaur Fighter)             Turns: 3112, Time: 00:09:46

Health: 0/56       AC:  5    Str: 22    XL:     6   Next: 20%
Magic:  5/5        EV: 13    Int:  5    God:    Okawaru [......]
Gold:   203        SH:  5    Dex: 10    Spells: 5/5 levels left

rFire   . . .        a - +0 war axe
rCold   . . .        c - +0 buckler
rNeg    . . .        i - +0 chain mail
rPois   .            (helmet restricted)
rElec   .            f - +2 cloak {Will+}
rCorr   .            (no gloves)
SInv    .            (no boots)
Will    +....        (no amulet) Stlth
                     g - +5 ring of evasion
HPRegen 0.29/turn    (no ring)
MPRegen 0.09/turn

%: no passive effects
@: on fire, corroded, glowing
A: horns 2, retaliatory headbutt
a: Renounce Religion


You were on level 5 of the Dungeon.
You worshipped Okawaru.
Okawaru was noncommittal.
You visited 2 branches of the dungeon, and saw 6 of its levels.

You collected 203 gold pieces.

Inventory:

Hand Weapons
 a - a +0 war axe (weapon)
Missiles
 b - 5 javelins (quivered)
Armour
 c - a +0 buckler (worn)
 f - a +2 cloak of willpower (worn)
 i - a +0 chain mail (worn)
Jewellery
 g - a +5 ring of evasion (left hand)
 k - a +6 ring of intelligence
Scrolls
 e - a scroll of fog
 j - a scroll of vulnerability
 m - 2 scrolls of teleportation
 r - a scroll of identify
Potions
 d - a potion of might
 h - 4 potions of curing
 l - a potion of brilliance {unknown}
 o - a potion of haste {unknown}
 p - 2 potions of cancellation


   Skills:
 + Level 5.2 Fighting
 + Level 4.4 Axes
 + Level 5.3 Armour
 + Level 5.2 Shields


You had 5 spell levels left.
You didn't know any spells.
Your spell library contained the following spells:

 Spells                   Type           Power      Damage    Failure   Level
 Freeze                   Ice            0%         1d3       98%         1
 Kiss of Death            Conj/Necr      0%         2d5       98%         1
 Confusing Touch          Hex            0%         N/A       100%        3
 Dispel Undead            Necr           0%         3d6       100%        4
 Borgnjor's Revivificati  Necr           0%         N/A       100%        8
 Polar Vortex             Ice            0%         N/A       100%        9


Dungeon Overview and Level Annotations

Branches:
Dungeon (5/15)             Temple (1/1) D:4

Altars:
Ashenzari
Cheibriados
Elyvilon
Fedhas
Hepliaklqana
Kikubaaqudgha
Makhleb
Nemelex Xobeh
Okawaru
Qazlal
Ru
Sif Muna
Trog
Uskayaw
Vehumet
Wu Jian
Xom
Yredelemnul
Zin
The Shining One

Annotations:
D:5 Ijyb


Innate Abilities, Weirdness & Mutations

You have a pair of horns on your head.
You reflexively headbutt those who attack you in melee.


Message History

The ogre barely misses you.
You slash the ogre! Your headbutt misses the ogre.
The ogre is severely wounded.
You block the ogre's attack.
You hit the ogre.
The ogre is almost dead.
The ogre misses you. You furiously retaliate!
You headbutt the ogre!
You kill the ogre!
Okawaru is honoured by your kill.
You have reached level 6!
Ijyb the Twisted Goblin comes into view.
She is wielding a +0 club and carrying a wand of acid.
Ijyb shouts!
Ijyb zaps a wand.
The bolt of acid hits you!
Ijyb zaps a wand.
The bolt of acid hits you.
Found a quarterstaff.
Ijyb zaps a wand.
The bolt of acid hits you! The acid corrodes you!
You hit Ijyb but do no damage. You headbutt Ijyb, but do no damage.
You block Ijyb's attack.
You hit Ijyb but do no damage. Your headbutt misses Ijyb.
Ijyb closely misses you. You furiously retaliate!
You headbutt Ijyb. You closely miss Ijyb. Your headbutt misses Ijyb.
Ijyb is lightly wounded.
Ijyb hits you with a +0 club.
Ijyb zaps a wand.
The bolt of acid misses you.
A bombardier beetle comes into view.
You closely miss Ijyb. Your headbutt misses Ijyb.
Ijyb is lightly wounded.
Ijyb hits you but does no damage.
You barely miss Ijyb. Your headbutt misses Ijyb.
Ijyb is lightly wounded.
Ijyb zaps a wand.
The bolt of acid misses you.
The bombardier beetle sprays incendiary fluid at you.
The burning spray hits you.
You are covered in liquid fire!
You miss Ijyb. You headbutt Ijyb, but do no damage.
Ijyb is lightly wounded.
The liquid fire burns you!
Ijyb zaps a wand.
The bolt of acid hits you!
* * * LOW HITPOINT WARNING * * *
The acid corrodes you!
Ijyb zaps a wand.
The bolt of acid hits you!
You die...

#............ #.....
#####........ #....)
#........ #.....
#######........ #.....
#..........#### #.....
#..........#
##.....###..........#
......g..#..........##
#@.............###
.........#..............
########B########.##....
#.##...........#.
.....(....)....#
..............(#
#.#.............# #.
........∩....#
............#


You could see Ijyb and a bombardier beetle.

Vanquished Creatures
  An ogre (D:5)
  A scorpion (D:4)
  Crazy Yiuf (D:4)
  An iguana (D:4)
  An adder (D:4)
  A gnoll (D:1)
  An ufetubus (D:5)
  A dart slug (D:3)
  A ribbon worm (D:3)
  3 orcs (D:3)
  5 endoplasms
  6 giant cockroaches
  8 goblins
  6 hobgoblins
  16 jackals
  3 quokkas
  5 ball pythons
  4 bats
  A frilled lizard (D:3)
  8 kobolds
  6 rats
80 creatures vanquished.

Notes
Turn   | Place    | Note
-------+----------+-------------------------------------------
     0 | D:1      | Doomgape the Minotaur Fighter began the quest for the Orb.
     0 | D:1      | Reached XP level 1. HP: 19/19 MP: 0/0
    91 | D:1      | Reached XP level 2. HP: 26/27 MP: 1/1
   324 | D:1      | Reached XP level 3. HP: 32/33 MP: 2/2
   412 | D:1      | Got the Lessons on the Macabre Serac
  1284 | D:2      | Found a faded altar of an unknown god.
  1428 | D:3      | Reached XP level 4. HP: 38/40 MP: 3/3
  2237 | D:4      | Noticed a scorpion
  2241 | D:4      | Killed a scorpion
  2242 | D:4      | Reached XP level 5. HP: 47/47 MP: 4/4
  2295 | D:4      | Found a staircase to the Ecumenical Temple.
  2351 | Temple   | Entered the Ecumenical Temple
  2378 | Temple   | Became a worshipper of Warmaster Okawaru
  2518 | D:4      | Found a faded altar of an unknown god.
  2519 | D:4      | Found a faded altar of an unknown god.
  2520 | D:4      | Found a hazy altar of Hepliaklqana.
  2710 | D:4      | Found a runed translucent door.
  2711 | D:4      | Noticed Crazy Yiuf
  2717 | D:4      | Killed Crazy Yiuf
  2718 | D:4      | Reached skill level 5 in Armour
  2718 | D:4      | Reached skill level 5 in Shields
  3068 | D:5      | Entered Level 5 of the Dungeon
  3084 | D:5      | Reached skill level 5 in Fighting
  3084 | D:5      | Noticed an ogre
  3090 | D:5      | Killed an ogre
  3091 | D:5      | Reached XP level 6. HP: 56/56 MP: 5/5
  3102 | D:5      | Noticed Ijyb
  3112 | D:5      | Killed from afar by Ijyb

Illustrated notes

Levels and vault maps discovered:
D:1:      lemuel_arrival_broad_hall, layout_loops_ring, serial_bayou_lake_a
D:2:      layout_basic, shapermc_ecumenical_altar_mp_vishouse
D:3:      layout_basic, kennysheep_generic_room_2
D:4:      layout_loops_ring, nicolae_hepliaklqana_ecumenical_no_more,
          minmay_temple_entry_waves, uniq_crazy_yiuf_cottage
D:5:      minmay_general_purpose_star, layout_basic, serial_demonic,
          serial_demonic_d, serial_demonic_b, serial_demonic_b,
          serial_demonic_f, uniq_sigmund, uniq_ijyb
Temple:   compressed_dpeg_triangle_lava_temple

Skill      XL: |  1  2  3  4  5 |
---------------+----------------+-----
Fighting       | 4 5 |  5.2
Axes           | 3 4 |  4.4
Armour         | 4 5 |  5.3
Shields        | 4 5 |  5.2

Action                     |  1- 3 |  4- 6 || total
---------------------------+-------+-------++-------
  Melee: War axe           |    98 |    62 ||   160
         Headbutt          |    12 |    10 ||    22
    Use: Scroll            |       |    10 ||    10
 Armour: Scale mail        |    11 |       ||    11
         Chain mail        |    27 |    40 ||    67
  Dodge: Dodged            |    73 |    37 ||   110
  Block: Buckler           |    20 |    13 ||    33
